 Dungeon Crawl Stone Soup version 0.30-a0-937-ga0a21ad780 (webtiles) character file.

Game seed: 10244374304683785495

263 2tousent the Caller (level 6, -2/43 (45) HPs)
             Began as a Merfolk Summoner on Mar 25, 2023.
             Was an Initiate of Cheibriados.
             Slain by a wight
             ... wielding a +0 long sword
              (7 damage)
             ... on level 4 of the Dungeon.
             The game lasted 00:06:56 (2012 turns).

2tousent the Caller (Merfolk Summoner)              Turns: 2012, Time: 00:06:57

HP:   -2/43 (45)    AC:  2    Str: 10    XL:     6   Next: 19%
MP:   3/10          EV: 14    Int: 17    God:    Cheibriados [......]
Gold: 63            SH:  0    Dex: 15    Spells: 5/11 levels left

rFire   . . .      SeeInvis .    c - +0 spear
rCold   . . .      Faith    .    (no shield)
rNeg    . . .      Spirit   .    a - +0 robe
rPois   .          Reflect  .    (no helmet)
rElec   .          Rampage  .    (no cloak)
rCorr   .                        (no gloves)
Will    .....                    (no boots)
Stlth   ++                       (no amulet)
HPRegen 0.27/turn                (no ring)
MPRegen 0.12/turn                (no ring)

@: lightly drained, very slow
A: (nimble swimmer 2), mertail, subdued magic 1
a: Renounce Religion


You were on level 4 of the Dungeon.
You worshipped Cheibriados.
Cheibriados was noncommittal.
You visited 1 branch of the dungeon, and saw 4 of its levels.

You collected 63 gold pieces.

Inventory:

Hand Weapons
 c - a +0 spear (weapon)
Armour
 a - a +0 robe (worn)
 d - a +0 ring mail
 e - an orb of wrath
Jewellery
 g - a ring of protection from fire
Scrolls
 h - a scroll of identify {unknown}
 i - 2 scrolls of teleportation
Potions
 b - a potion of magic
 f - a potion of brilliance {unknown}


   Skills:
 + Level 2.3 Fighting
 + Level 4.4 Dodging
 - Level 2.4 Stealth
 + Level 3.1 Spellcasting
 * Level 5.5 Summonings


You had 5 spell levels left.
You knew the following spells:

 Your Spells              Type           Power      Damage    Failure   Level
a - Summon Small Mammal   Summ           64%        N/A       1%          1
b - Call Imp              Summ           16%        N/A       1%          2
c - Call Canine Familiar  Summ           16%        N/A       4%          3

Your spell library contained the following spells:

 Spells                   Type           Power      Damage    Failure   Level
 Summon Guardian Golem    Hex/Summ       9%         N/A       14%         3
 Lesser Beckoning         Tloc           4%         N/A       22%         2
 Gell's Gravitas          Tloc           2%         N/A       41%         3
 Teleport Other           Tloc           2%         N/A       41%         3
 Summon Lightning Spire   Summ/Air       9%         N/A       45%         4


Dungeon Overview and Level Annotations

Branches:
Dungeon (5/15)
 Temple: D:4-7

Altars:
Cheibriados

Shops:
D:1 *   D:5 [

Annotations:
D:5 exclusion: ice beast


Innate Abilities, Weirdness & Mutations

((You are very nimble when in or above water. (Stealth+, EV+, Speed+++)))
Your lower body shifts to a powerful aquatic tail in water.
Your spells are a little easier to cast, but a little less powerful.


Message History

The wight barely misses you.
Your hound barely misses the wight.
Your white imp hits the wight but does no damage.
The wight closely misses your white imp.
The wight hits you with a +0 long sword!
You hit the wight but do no damage.
Your hound bites the wight but does no damage.
Your white imp gestures at the wight.
The puff of frost hits the wight.
The wight resists.
The wight hits your white imp with a +2 mace!
Your white imp dies!
Your white imp disappears in a puff of smoke!
The wight hits you with a +0 long sword!
* * * LOW HITPOINT WARNING * * *
Your hound closely misses the wight.
Casting: Call Imp (safe; 1% risk of failure)
Confirm with . or Enter, or press ? or * to list all spells.
Your hound disappears in a puff of smoke!
The wight misses you. The wight misses you.
Unknown command.
The wight attacks as you move away! The wight closely misses you.
The wight attacks as you move away! The wight misses you.
Your hound bites the wight but does no damage.
Your hound barely misses the wight.
You hit the wight.
The wight is lightly damaged.
Your hound barely misses the wight.
The wight hits you with a +0 long sword.
* * * LOW HITPOINT WARNING * * *
You feel drained.
* * * LOW HITPOINT WARNING * * *
Your hound bites the wight but does no damage.
You closely miss the wight.
The wight is lightly damaged.
Your hound misses the wight. The wight barely misses you.
Your hound closely misses the wight.
You hit the wight.
The wight is moderately damaged.
The wight hits you with a +0 long sword!
You die...

### #.. ##
#.#
#.##.##ยง#
......#h#####
#......zz@..#
#.#...#.###.#
##. #.# # #
#.###.###.
##.)....z..
#..........
#.#?##.#...
.## #.#.# ..
... ..#.# ..
...


You could see 2 wights and a friendly hound (summoned).

Vanquished Creatures
  A phantom (D:5)
  An adder (D:5)
  A worm (D:2)
  3 dart slugs
  3 orcs
  A bat (D:2)
  An endoplasm (D:4)
  A hobgoblin (D:4)
  A quokka (D:1)
  2 frilled lizards (D:1)
  2 rats
17 creatures vanquished.

Vanquished Creatures (collateral kills)
  A howler monkey (D:5)
  An iguana (D:5)
  2 orc wizards (D:5)
  An adder (D:5)
  A white imp (D:4)
  A worm (D:2)
  3 orcs
  4 endoplasms (D:1)
  2 hobgoblins (D:1)
  A kobold (D:1)
  A quokka (D:4)
  2 ball pythons
  3 bats
  A rat (D:1)
24 creatures vanquished.

Grand Total: 41 creatures vanquished

Notes
Turn   | Place    | Note
-------+----------+-------------------------------------------
     0 | D:1      | 2tousent the Merfolk Summoner began the quest for the Orb.
     0 | D:1      | Reached XP level 1. HP: 13/13 MP: 3/3
    68 | D:1      | Found Suyfril's General Store.
   152 | D:1      | Reached XP level 2. HP: 18/19 MP: 1/5
   337 | D:1      | Learned a level 2 spell: Call Imp
  1032 | D:2      | Reached XP level 3. HP: 25/25 MP: 1/6
  1174 | D:2      | You fall into a shaft and drop 2 floors!
  1270 | D:4      | Noticed a wight
  1270 | D:4      | Noticed a wight
  1298 | D:5      | Entered Level 5 of the Dungeon
  1319 | D:5      | Learned a level 3 spell: Call Canine Familiar
  1367 | D:5      | Found a snail-covered altar of Cheibriados.
  1377 | D:5      | Reached skill level 1 in Fighting
  1381 | D:5      | Became a worshipper of Cheibriados the Contemplative
  1417 | D:5      | Noticed an ice beast
  1452 | D:5      | Reached XP level 4. HP: 28/32 MP: 1/7
  1545 | D:5      | Found Puwnoyca's Armour Shop.
  1548 | D:5      | Noticed a phantom
  1577 | D:5      | Killed a phantom
  1578 | D:5      | Reached skill level 5 in Summonings
  1578 | D:5      | Reached XP level 5. HP: 30/38 MP: 9/9
  1734 | D:4      | Reached XP level 6. HP: 20/44 MP: 10/10
  1748 | D:4      | HP: 2/44 [orc/+0 flail of holy wrath (7)]
  1749 | D:4      | Gained mutation: Your spells are a little easier to cast,
                  | but a little less powerful. [potion of mutation]
  2012 | D:4      | Slain by a wight

Illustrated notes

Levels and vault maps discovered:
D:1:      psy_arrival_fountain, layout_loops_ring, serial_shops, shop
D:2:      cheibrodos_helix_gallery, layout_basic, kennysheep_generic_room_13
D:4:      layout_loops_cross, old_standard_altar
D:5:      layout_loops_ring, mainiacjoe_overflow_six_doors_small,
          kennysheep_slug_shrine, portal_sewer_entry_b, serial_shops,
          nicolae_inconvenience_store, nrook_campfire, nicolae_stop_n_shop_1

Skill      XL: |  1  2  3  4  5 |
---------------+----------------+-----
Dodging        | 3 4 |  4.4
Fighting       | 1 2 |  2.3
Summonings     | 5 |  5.5
Spellcasting   | 3 |  3.1
Stealth        | |  2.4

Action                     |  1- 3 |  4- 6 || total
---------------------------+-------+-------++-------
  Melee: Unarmed           |    85 |       ||    85
         Spear             |    43 |    65 ||   108
         Punch             |       |     1 ||     1
   Cast: Summon Small Mamm |    23 |     3 ||    26
         Call Imp          |    10 |     6 ||    16
         Call Canine Famil |     1 |     9 ||    10
    Use: Scroll            |     2 |       ||     2
         Potion            |       |     3 ||     3
   Stab: Sleeping          |     4 |       ||     4
 Armour: Robe              |    28 |     3 ||    31
  Dodge: Dodged            |   101 |    40 ||   141

Table legend: (Time is in decaauts)
 A = Elapsed time spent in this place.
 B = Non-inter-level travel time spent in this place.
 C = Inter-level travel time spent in this place.
 D = Time resting spent in this place.
 E = Time spent auto-exploring this place.
 F = Levels seen in this place.
 G = Mean time per level.
                   A        B        C        D        E       F      G
               +--------+--------+--------+--------+--------+-----+--------+
         Total |   2071 |   2028 |     43 |    119 |   1302 |   4 |  517.8 |
       Dungeon |   2071 |   2028 |     43 |    119 |   1302 |   4 |  517.8 |
               +--------+--------+--------+--------+--------+-----+--------+

Top non-repeatable levels by time:
     D:1: 937 daAuts
     D:5: 674 daAuts
     D:2: 234 daAuts
     D:4: 225 daAuts
